Workbook
Name _ftn2: LogicModel!#REF!
Name _ftnref1: LogicModel!#REF!
Name _ftnref2: LogicModel!#REF!
Name _ftnref3: LogicModel!#REF!
Name _Toc197152942: #REF!
Name _Toc197152942: #REF!
Name _Toc197152943: #REF!
Name _Toc197152943: #REF!
Name All_sites: #REF!
Name All_sites: #REF!
Name bonus: #REF!
Name bonus: #REF!
Name CCRRoutputStatus: [1]Outputs!$U$3:$U$7
Name Ed: #REF!
Name Ed: #REF!
Name EdLevel: #REF!
Name EdLevel: #REF!
Name Facilities: #REF!
Name Facilities: #REF!
Name Facilities_IDs: #REF!
Name Facilities_IDs: #REF!
Name Facility_names: #REF!
Name Facility_names: #REF!
Name june: #REF!
Name june: #REF!
Name locations: #REF!
Name locations: #REF!
Name name: #REF!
Name name: #REF!
Name names: #REF!
Name names: #REF!
Name outcomes: [2]Outcomes!$I$3:$I$6
Name OutcomeStatusCCRR: [1]Outcomes!$J$4:$J$5
Name outputStatus: [2]Outputs!$T$3:$T$15
Name site: #REF!
Name site: #REF!
Name Sites: #REF!
Name Sites: #REF!
Name sserved: #REF!
Name sserved: #REF!
Name status: [1]Monitoring!$A$6:$A$12

Sheet Summary
A1: Cabarrus Partnership for Children
D3: Purpose Service Code: (PSC) | F3: For Continuing Activities Only
A4: Enter Activity Name in Yellow Highlighted cell ONCE below:
B7: DO NOT ENTER IN GRAY SHADED CELLS - will fill in for you!
D8: Program Match | F8: Total
C9: Smart Start | D9: Cash | E9: In-kind | F9: Funds
C10: Funds | D10: Contributions | E10: Contributions | F10: projected | G10: Match percentage:
A11: Budget Summary: | C11: requested | F11: for activity
A12: 50) Total Budgeted Expenditures | B12: Budget | C12: ='Budget Narrative'!C44 -> 0 | D12: ='Budget Narrative'!D44 -> 0 | E12: ='Budget Narrative'!E44 -> 0 | F12: ='Budget Narrative'!F44 -> 0 | G12: =(D12+E12)/C12 -> #DIV/0!
A14: The Cabarrus Partnership for Children has a 3 year bidding cycle for Smart Start funds. Activity selection during bidding does not guarantee funding. Funding is dependent upon each year's Smart Start Allocation. Direct Service Providers will be given the opportunity to update funding requests before budgets are approved each year.
A16: Will there be significant budget changes over the 3 years of this bidding cycle? If yes, please explain below:
A22: For Continuing Programs | B22: Directions to copy (move) an entire existing Logic Model Tab into THIS workbook:
A24: 1) | B24: First, save this RFP file where you'll be able to find it & keep it open.
A25: 2) | B25: Next, open existing Quarterly Report where latest Logic Model is stored
A26: 3) | B26: Right-click on 'Logic Model' tab to open menu of options
A27: 4) | B27: select 'Move or Copy...'
A28: 5) | B28: using pull down menu, find this RFP workbook name. (you may choose where to move the new tab,
B29: choose "Two Year Summary" so it will insert before this tab.)
A30: 6) | B30: While this window is open, be sure to check off box for 'Copy' before clicking 'Ok' or enter.
A31: 7) | B31: Save this RFP file with new tab included
A32: 8) | B32: Update the Logic Model once in this workbook:
C33: newer need data?
C34: new prioritizing for target population?
C35: any changes to activity components?
C36: update ALL output numbers! Be sure NCPC counts included
C37: update ALL outcome projections (might reflect new denominators from outputs), make sure required outcomes are included

Sheet LogicModel
A1: Activity: | B1: =Summary!A5 -> 0 | F1: (See "Summary" tab for special directions to move old LM here!)
A2: Need Statement | B2: Target Population | C2: Activity Elements | D2: Outputs | E2: Outcomes | F2: Long Term or State Outcomes What long-term change do we expect?
A3: Why? | B3: Who? | C3: What? | D3: How many? (Include required NCPC!) | E3: What short-term change do we expect?
E4: By June 30, 2028, x% (y of z)…
A16: Refer to scoring rubric for description of logic model elements.

Sheet Budget Narrative
A1: Activity Name: | B1: =Summary!A5 -> 0 | D1: Program Match | F1: Total
C2: Projected Smart Start Budget | D2: Cash | E2: In-kind | F2: Funds
D3: Contributions | E3: Contributions | F3: projected
B4: Budget Narrative | F4: for activity
A5: 11) Personnel | B5: Complete Tab-Detailed Budget | C5: ='Detailed Budget'!I11 -> 0 | F5: =SUM(C5:E5) -> 0
A6: 12) Contracted Professional Services | B6: Complete Tab-Detailed Budget | C6: ='Detailed Budget'!F21 -> 0 | F6: =SUM(C6:E6) -> 0
A7: 13) Total Personnel/Contracted Services | C7: =SUM(C5:C6) -> 0 | D7: =SUM(D5:D6) -> 0 | E7: =SUM(E5:E6) -> 0 | F7: =SUM(F5:F6) -> 0
A9: 14) Supplies and Materials | F9: =SUM(C9:E9) -> 0
A10: 15) Service-Related Supplies & Materials | F10: =SUM(C10:E10) -> 0
A11: 16) Total Supplies & Materials | C11: =SUM(C9:C10) -> 0 | D11: =SUM(D9:D10) -> 0 | E11: =SUM(E9:E10) -> 0 | F11: =SUM(F9:F10) -> 0
A13: 17) Travel | F13: =SUM(C13:E13) -> 0
A14: 18) Communications & Postage | F14: =SUM(C14:E14) -> 0
A15: 19) Utilities | F15: =SUM(C15:E15) -> 0
A16: 20) Printing & Binding | F16: =SUM(C16:E16) -> 0
A17: 21) Repair & Maintenance | F17: =SUM(C17:E17) -> 0
A18: 22) Meeting & Conference Expense | F18: =SUM(C18:E18) -> 0
A19: 23) Employee Training (no travel) | F19: =SUM(C19:E19) -> 0
A20: 24) Advertising & Outreach | F20: =SUM(C20:E20) -> 0
A21: 26) Total Non-Fixed Operating Expenses | C21: =SUM(C13:C20) -> 0 | D21: =SUM(D13:D20) -> 0 | E21: =SUM(E13:E20) -> 0 | F21: =SUM(F13:F20) -> 0
A23: 27) Office Rent | F23: =SUM(C23:E23) -> 0
A24: 28) Furniture Rental | F24: =SUM(C24:E24) -> 0
A25: 29) Equipment Rental | F25: =SUM(C25:E25) -> 0
A26: 30) Vehicle Rental | F26: =SUM(C26:E26) -> 0
A27: 31) Dues & Subscriptions | F27: =SUM(C27:E27) -> 0
A28: 32) Insurance & Bonding | F28: =SUM(C28:E28) -> 0
A29: 33) Books (Library Reference Materials) | F29: =SUM(C29:E29) -> 0
A30: 35) Other Expenses: provide explanation | F30: =SUM(C30:E30) -> 0
A31: 36) Total Fixed Charges & Other Expenses | C31: =SUM(C23:C30) -> 0 | D31: =SUM(D23:D30) -> 0 | E31: =SUM(E23:E30) -> 0 | F31: =SUM(F23:F30) -> 0
A33: 39) Furniture/Non-computer Eqpt.,$500+ per item | F33: =SUM(C33:E33) -> 0
A34: 40) Computer Equipment/Printers,$500+ per item | F34: =SUM(C34:E34) -> 0
A35: 41) Furniture/Eqpt., under $500 per item | F35: =SUM(C35:E35) -> 0
A36: 42) Total Property and Equipment Outlay | C36: =SUM(C33:C35) -> 0 | D36: =SUM(D33:D35) -> 0 | E36: =SUM(E33:E35) -> 0 | F36: =SUM(F33:F35) -> 0
A38: 43) Purchase of Services | F38: =SUM(C38:E38) -> 0
A39: 45) Awards (including Stipends & Scholarships) | F39: =SUM(C39:E39) -> 0
A40: 46) Cash Grants | F40: =SUM(C40:E40) -> 0
A41: 47) Non-Cash Grants | F41: =SUM(C41:E41) -> 0
A42: 48) Total Services/Contracts/Grants | C42: =SUM(C38:C41) -> 0 | D42: =SUM(D38:D41) -> 0 | E42: =SUM(E38:E41) -> 0 | F42: =SUM(F38:F41) -> 0
A44: 50) Total Budgeted Expenditures | C44: =SUM(C7+C11+C21+C31+C36+C42) -> 0 | D44: =SUM(D7,D11,D21,D31,D36,D42) -> 0 | E44: =SUM(E7,E11,E21,E31,E36,E42) -> 0 | F44: =SUM(F7,F11,F21,F31,F36,F42) -> 0
A46: DO NOT ENTER IN SHADED CELLS

Sheet Detailed Budget
A1: Activity Name: | B1: =Summary!A5 -> 0
A3: Complete this section for any position paid with Smart Start funds or for any position counted as Smart Start Program Match.
A4: Line 11) Personnel
A5: Position Title | B5: Name of Staff Person | C5: Full-time or Part-time? | D5: # of Hours per week paid with Smart Start funds | E5: Hourly Wage | F5: # of Weeks to be Paid with Smart Start funds | G5: Total Salary to be Paid with Smart Start funds | H5: Total Benefits and Payroll Taxes to be Paid with Smart Start funds | I5: Total Salary and Benefits to be Paid with Smart Start Funds | J5: Total Salary and Benefits to be Paid with Non-Smart Start Funds (Complete only if counted as Program Match) | K5: Total Salary and Benefits to be Paid
G6: =D6*E6*F6 -> 0 | I6: =G6+H6 -> 0 | K6: =SUM(I6:J6) -> 0
G7: =D7*E7*F7 -> 0 | I7: =G7+H7 -> 0 | K7: =SUM(I7:J7) -> 0
G8: =D8*E8*F8 -> 0 | I8: =G8+H8 -> 0 | K8: =SUM(I8:J8) -> 0
G9: =D9*E9*F9 -> 0 | I9: =G9+H9 -> 0 | K9: =SUM(I9:J9) -> 0
G10: =D10*E10*F10 -> 0 | I10: =G10+H10 -> 0 | K10: =SUM(I10:J10) -> 0
A11: Total Personnel Costs (total on Line 11 on the Budget Narrative and Summary Forms) | I11: =SUM(I6:I10) -> 0 | J11: =SUM(J6:J10) -> 0 | K11: =SUM(K6:K10) -> 0
A14: Complete this section for any services paid with Smart Start funds or for any services counted as Smart Start Program Match.
A15: Line 12) Contracted/Professional Services
A16: Position Title | B16: Name of Contractor | C16: # of Hours per week paid with Smart Start funds | D16: Hourly Wage or Contracted Amount | E16: # of Weeks to be Paid with Smart Start funds | F16: Amount to be Paid with Smart Start Funds | G16: Amount to be Paid with Non-Smart Start Funds (Complete only if counted as Program Match) | H16: Total Amount to be Paid
F17: =C17*D17*E17 -> 0 | H17: =F17+G17 -> 0
F18: =C18*D18*E18 -> 0 | H18: =F18+G18 -> 0
F19: =C19*D19*E19 -> 0 | H19: =F19+G19 -> 0
F20: =C20*D20*E20 -> 0 | H20: =F20+G20 -> 0
A21: Total Contracted Professional Services ( total on Line 12 on the Budget Narrative and Summary Forms) | F21: =SUM(F17:F20) -> 0 | G21: =SUM(G17:G20) -> 0 | H21: =SUM(H17:H20) -> 0
A23: DO NOT ENTER IN SHADED CELLS

Sheet Ref Line Item Definitions
A1: # | B1: Line Item | C1: Definition | D1: Examples
A2: 11 | B2: Personnel | C2: Employee salaries/wages and fringe costs (full and part- time) | D2: Payroll, FICA, retirement contributions, health insurance, workers’ comp, etc.
A3: 12 | B3: Contracted Professional Services | C3: Services that are provided by external/independent contractors (i.e., non-employees) | D3: Payroll processing, tax return prep, legal counsel, temporary agency services, consulting services, needs assessments
A4: 14 | B4: Office Supplies & Materials | C4: Office supplies and materials purchased for use in daily operations of the LP (or DSP) | D4: Office supplies, computer supplies (usb drives, keyboards, software, etc.), janitorial supplies, database access fees, other administrative supplies
A5: 15 | B5: Service Related Supplies | C5: Supplies used in the performance of a service activity; this line cannot be used for reward/incentive items given to program participants (see Line 47); should generally not be used in LP Admin | D5: Educational supplies: materials used during trainings IF consumed (like a workbook) or not given away, food used in teaching nutrition/cooking classes, lending library supplies consumed or provided for loan; automotive supplies for owned vehicles including gas, tires, etc.
A6: 17 | B6: (Employee) Travel | C6: Costs associated with travel by employees | D6: Meals, lodging, and transportation (including short-term vehicle rental) for employees who travel for business purposes; NOT travel provided for program participants usually reported on Line 43
A7: 18 | B7: Communications & Postage | C7: All communications, postage and shipping costs | D7: Service costs for telephone, cell phone, internet; outbound postage and shipping fees
A8: 19 | B8: Utilities | C8: All utilities costs, including deposits paid to utility companies when new service is established | D8: Electricity, municipal water, sewer, gas
A9: 20 | B9: Printing & Binding | C9: Printing, binding, copying costs for internal-use items | D9: Internal manuals, business cards, forms, stationery, etc.; NOT for service materials distributed externally (see Line 24)
A10: 21 | B10: Repair & Maintenance | C10: Costs for minor repairs and routine maintenance | D10: Janitorial or landscaping services, computer repair technicians, locksmiths, plumbers, carpenters, pest control, maintenance agreements for equipment such as copiers, automotive maintenance, minor property maintenance, repair and upkeep, etc. NOT to be used for major repairs or renovation costs, e.g., roof replacement, HVAC replacement (see Lines 37 & 38)
A11: 22 | B11: Hosted Meeting/Conference Expense | C11: Expenses related to meetings, conferences, trainings hosted/organized/presented by the LP or DSP for program participants or LP board/cmte mtg costs | D11: Food, facility rental, speaker fees, supplies for hosted events; NOT to be used for expenses incurred by employees attending meetings/ conferences held by outside parties (see Lines 23 & 17)
A12: 23 | B12: Employee Training (no travel) | C12: Costs for training for employees | D12: Tuition, registration, training materials for staff; NOT for travel expenses (mileage, food, hotel, etc.) incurred for training (see Line 17); includes Smart Start Conference fees for employees
A13: 24 | B13: Advertising & Outreach | C13: Cost of advertising for staff as well as advertising and publicizing services to the community | D13: Classified ads for competitive bidding or to solicit job applicants; ads to publicize fund-raising events or program services; brochures & fliers publicizing services/events; community resource directories
... A16: 28 | B16: Furniture Rental | C16: Furniture rental expenses | D16: Rental of office desks, chairs, conference tables
A17: # | B17: Line Item | C17: Definition | D17: Examples
A18: 29 | B18: Equipment Rental | C18: Costs of equipment rental | D18: Rental or lease of copiers, phones, computers, etc. and any property tax associated with these rentals; NOT for copier maintenance agreements (see Line 21)
A19: 30 | B19: Vehicle Rental | C19: Costs incurred with vehicle leases, such as multi-year leases with regular monthly payments | D19: Vehicle leases, gasoline and insurance for leased vehicles; NOT for short-term vehicle rental (see Line 17)
A20: 31 | B20: Dues, Subscriptions & Fees | C20: Costs for subscriptions for publications, professional organization membership dues, corporate fees | D20: Subscriptions to childcare-related magazines; memberships in NAEYC, NCAEYC, NACCRRA; LP’s charitable solicitation license
A21: 32 | B21: Insurance & Bonding | C21: Costs for insurance | D21: General liability, D&O, fidelity bonding, professional liability, special events coverage, etc.; NOT workers’ comp (see Line 11)
A22: 33 | B22: Book/Library Reference Materials | C22: Costs of reference materials for internal use by employees | D22: Books about early childhood development, nonprofit management, employment law, board development and operations, data-driven decision- making, etc.; NOT for lending library materials (see Line 15)
A23: 34 | B23: Mortgage Interest and Bank Fees | C23: Bank-related charges | D23: Monthly fees associated with bank accounts and mortgage principal and interest payments
A24: 35 | B24: Other Expenses | C24: Other expenses not classified elsewhere | D24: LP use of this line is RARE; DSPs: Overhead allocation, if permitted
A25: 37 | B25: Buildings & Improvements | C25: Purchases of land or buildings; improvements made to owned property. | D25: Improvements to owned property that do not meet the capital definition in legislation; NOT for minor maintenance, repair, upkeep (see Line 21)
A26: 38 | B26: Leasehold Improvements | C26: Costs of improvements made on space rented or leased. | D26: Improvements to rented property that do not meet the capital definition in legislation; NOT for minor maintenance, repair, upkeep (see Line 21)
A27: 39 | B27: Furniture/Non-Computer Equipment, $500+ per item | C27: Costs of furniture and non-computer equipment that equals or exceeds $500 per item | D27: Desks, conference tables ($500 or more)
A28: 40 | B28: Computer Equipment, incl. Printers, $500+ per item | C28: Costs of computer equipment that equals or exceeds $500 per item | D28: Desktop computers, laptops, printers ($500 or more)
A29: 41 | B29: Furniture & Equipment, Under $500 per Item | C29: Costs of equipment that is less than $500 per item | D29: Chairs, tables, tablets, printers (less than $500)
... A34: 47 | B34: Non-Cash Grants & Awards | C34: Non-cash awards to organizations and/or individuals; payments to a third party on behalf of a grantee. Gift cards are always classified as non-cash grants. | D34: Grants of QE materials to child care centers, pmts to a health insurer for health coverage on behalf of child care providers, Welcome Baby packets, books distributed through a literacy activity, training-related materials not consumed during the training and given to participants to keep, gift cards
A35: These line item categories must only be used as permitted by the applicable budget and budget narrative, and in compliance with Smart Start legislation and the Smart Start Cost Principles.
